cohdb
Replays
Latest Replays
All Replays
Popular Replays
Top Player Replays
Match Explorer
How It Works
Community
CoH3 Stats
Reddit
Sign in to upload your games and track your stats! →
Sign in with Steam
Match 43601231
Unlisted
Match 43601231
Overview
Messages
Build Orders
End
Construct Section Command Post
Infantry Section
Infantry Section
Dingo Light Scout Car
Construct Platoon Command Post
Grenade Package
Selects Air and Sea Battlegroup
Selects Supply Surplus
6-pounder Anti-tank Gun Team
Construct Field Infirmary
Forward Retreat Point
Royal Engineer Section
Vickers Machine Gun Team
Construct Company Command Post
6-pounder Anti-tank Gun Team
Selects Commando Section Paradrop
Selects M1 Pack Howitzer Paradrop
M1 Pack Howitzer Paradrop
Unlock M3 Grant Medium Tanks
CMP 15cwt Truck
M3 Grant Medium Tank
Construct Resource Cache
Forward Retreat Point
Brazuca
Ratko
DjuXi
Legionary
AxleInCommand
RhumsteaK
King Raptor
SHELDONATOR
0
0
Comments
sign in to comment!
No comments posted yet!